 Dungeon Crawl Stone Soup version 0.22.0-6-g71bd7aa6b3 (webtiles) character file.

3432 MirrMurr the Slicer (level 9, 0/43 HPs)
             Began as a Spriggan Fighter on Aug 16, 2018.
             Was a Follower of Trog.
             Killed from afar by Harold (14 damage)
             ... with a wand of acid (3)
             ... on level 8 of the Dungeon.
             The game lasted 00:17:08 (9800 turns).

MirrMurr the Slicer (Spriggan Fighter)              Turns: 9800, Time: 00:17:08

Health: 0/43       AC:  7    Str: 15    XL:     9   Next: 77%
Magic:  10/10      EV: 27    Int:  9    God:    Trog [*.....]
Gold:   333        SH:  8    Dex: 21    Spells: 8/8 levels left

rFire    . . .     SeeInvis +   a - +2 rapier
rCold    . . .     Gourm    .   f - +0 buckler
rNeg     . . .     Faith    .   b - +0 robe
rPois    .         Spirit   .   (helmet restricted)
rElec    .         Reflect  .   A - +1 cloak
rCorr    .         Harm     .   (gloves unavailable)
MR       +....                  (boots unavailable)
Stlth    +++++.....             (no amulet)
HPRegen  0.14/turn              h - +5 ring of dexterity
MPRegen  0.12/turn              u - +3 ring of protection

@: marked, very quick
A: very small, unfitting armour, see invisible, herbivore, speed 3, slow
metabolism 2
a: Berserk, Renounce Religion


You were on level 8 of the Dungeon.
You worshipped Trog.
Trog was aware of your devotion.
You were not hungry.

You visited 2 branches of the dungeon, and saw 9 of its levels.
You also visited: Sewer.

You collected 333 gold pieces.

Inventory:

Hand Weapons
 a - a +2 rapier (weapon)
 w - a cursed +3 dagger of freezing
 E - a +0 scimitar
Missiles
 j - 106 stones
 k - 35 poisoned needles
 p - 76 bolts
 q - 51 sling bullets
 y - 11 tomahawks (quivered)
Armour
 b - a +0 robe (worn)
 f - a +0 buckler (worn)
 A - a +1 cloak (worn)
Jewellery
 h - a +5 ring of dexterity (left hand)
 u - a +3 ring of protection (right hand)
 B - an uncursed ring of protection from cold
 D - an uncursed ring of protection from fire
Wands
 i - a wand of iceblast (10)
 z - a wand of random effects (41)
Scrolls
 d - 3 scrolls of blinking
 e - 7 scrolls of teleportation
 r - 2 scrolls of remove curse
 t - 4 scrolls of magic mapping
 F - a scroll of fear
Potions
 g - 3 potions of lignification
 l - 2 potions of invisibility
 m - 2 potions of curing
 n - a potion of flight
 o - 3 potions of haste
 s - a potion of berserk rage
 x - a potion of mutation
 C - a potion of resistance
 G - a potion of might
Comestibles
 c - 8 rations


   Skills:
 - Level 2.4 Fighting
 * Level 9.9 Short Blades
 + Level 9.9 Dodging
 + Level 9.5 Stealth
 + Level 5.2 Shields


You had 8 spell levels left.
You didn't know any spells.
Your spell library was empty.

Dungeon Overview and Level Annotations

Branches:
Dungeon (8/15)             Temple (1/1) D:5
   Lair: D:8-11

Altars:
Ashenzari
Cheibriados
Dithmenos
Elyvilon
Fedhas
Gozag
Hepliaklqana
Kikubaaqudgha
Makhleb
Nemelex Xobeh
Okawaru
Qazlal
Ru
Sif Muna
Trog
Uskayaw
Vehumet
Wu Jian
Xom
Yredelemnul
Zin
The Shining One

Shops:
D:4 %

Annotations:
D:8 Harold


Innate Abilities, Weirdness & Mutations

You are very small and have problems with some larger weapons.
You are too small for most types of armour.
You have supernaturally acute eyesight. (SInv)
You are a herbivore.
You cover ground extremely quickly.
You need to consume almost no food.


Message History

Harold is lightly wounded.
Harold hits you with a long sword!
You barely miss Harold.
Harold is lightly wounded.
You puncture Harold!
Harold is moderately wounded.
Harold casts a spell at you.
You barely resist. You hit Harold but do no damage.
Harold is moderately wounded.
Harold drinks a potion.
Harold suddenly seems more agile.
You miss Harold.
Harold is moderately wounded.
You puncture Harold!
Harold is moderately wounded.
Harold hits you with a long sword!
You barely miss Harold.
Harold is moderately wounded.
Harold zaps a wand.
The bolt of acid hits you!
You die...

#.. #......... #..
#........ #..
+....... #..
#...... #.. .....
#.. ... #.... #..
#@# ####... #..
#@#####.....#+####
#.....#.....#.....
#.....#.....#.....
+.....#.....#.....
#.....#.....#.....
#...###.....###'##
#...####'##.......
#.........#.......
#.........#.......


You could see Harold.

Vanquished Creatures
  The ghost of Eurus the Ruffian, a novice DrTm of Cheibriados (D:7)
  4 yaks (D:7)
  An orc warrior (D:7)
  A sky beast (D:5)
  5 ogres
  A necrophage (D:6)
  2 centaurs (D:6)
  2 bullfrogs
  A scorpion (D:6)
  6 killer bees (D:7)
  4 wights (D:6)
  2 howler monkeys
  3 crimson imps
  2 bullfrog zombies (D:5)
  2 hounds
  3 orc priests
  Crazy Yiuf (D:6)
  5 orc wizards
  5 worker ants
  A killer bee zombie (D:7)
  A hound zombie (D:7)
  14 adders
  11 oozes
  An adder zombie (D:1)
  2 adder skeletons (D:4)
  7 worms
  A dart slug (D:1)
  16 leopard geckos
  30 orcs
  11 giant cockroaches
  4 goblins
  4 hobgoblins
  8 jackals
  5 kobolds
  2 quokkas
  14 ball pythons
  6 bats
  8 frilled lizards
  A giant cockroach zombie (D:1)
  A jackal skeleton (D:4)
  A quokka skeleton (D:4)
  9 rats
209 creatures vanquished.

Notes
Turn   | Place    | Note
-------+----------+-------------------------------------------
     0 | D:1      | MirrMurr the Spriggan Fighter began the quest for the Orb.
     0 | D:1      | Reached XP level 1. HP: 11/11 MP: 2/2
   396 | D:1      | Reached skill level 1 in Stealth
   396 | D:1      | Reached XP level 2. HP: 16/16 MP: 3/3
  1211 | D:1      | Reached XP level 3. HP: 19/19 MP: 4/4
  2044 | D:3      | Reached skill level 5 in Dodging
  2169 | D:3      | Reached XP level 4. HP: 14/23 MP: 5/5
  2315 | D:3      | Found a faded altar of an unknown god.
  2580 | D:3      | Found a glowing drain.
  2615 | Sewer    | Entered a sewer
  3266 | Sewer    | Reached XP level 5. HP: 27/27 MP: 6/6
  3928 | Sewer    | Reached XP level 6. HP: 18/32 MP: 7/7
  4351 | D:3      | Reached skill level 5 in Short Blades
  4937 | D:4      | Found a shadowy altar of Dithmenos.
  5444 | D:4      | Found a sparkling altar of Nemelex Xobeh.
  5547 | D:4      | Found Ebly's Food Boutique.
  5657 | D:4      | Reached XP level 7. HP: 26/35 MP: 8/8
  5754 | D:4      | Reached skill level 5 in Stealth
  6131 | D:5      | Entered Level 5 of the Dungeon
  6300 | D:5      | Found a staircase to the Ecumenical Temple.
  6380 | Temple   | Entered the Ecumenical Temple
  6451 | Temple   | Became a worshipper of Trog the Wrathful
  6472 | D:5      | Found a glowing golden altar of the Shining One.
  6702 | D:5      | Reached XP level 8. HP: 39/39 MP: 9/9
  7013 | D:6      | Found a runed door.
  7017 | D:6      | Noticed Crazy Yiuf
  7034 | D:6      | Killed Crazy Yiuf
  7842 | D:7      | Reached * piety under Trog
  8098 | D:7      | Reached XP level 9. HP: 43/43 MP: 10/10
  8102 | D:7      | Noticed Eurus's ghost (novice DrTm)
  8105 | D:7      | Found a runed door.
  9331 | D:7      | Reached skill level 5 in Shields
  9613 | D:7      | Killed Eurus's ghost
  9784 | D:8      | Noticed Harold
  9800 | D:8      | Killed from afar by Harold

Skill      XL: |  1  2  3  4  5  6  7  8  9 |
---------------+----------------------------+-----
Stealth        | 1 2 3 4 6 8 9 |  9.5
Short Blades   | 3 4 5 6 8 9 |  9.9
Dodging        | 5 6 7 8 9 |  9.9
Shields        | 3 4 5 |  5.2
Fighting       | |  2.4

Action                   |  1- 3 |  4- 6 |  7- 9 || total
-------------------------+-------+-------+-------++-------
Melee: Rapier            |   104 |   428 |   508 ||  1040
Invok: Berserk           |       |       |     2 ||     2
  Use: Scroll            |     2 |     8 |     9 ||    19
       Potion            |       |     2 |     1 ||     3
 Stab: Sleeping          |     6 |    11 |     6 ||    23
       Distracted        |       |     1 |     3 ||     4
  Eat: Ration            |       |     2 |     3 ||     5
Armor: Robe              |     8 |    22 |    19 ||    49
Dodge: Dodged            |    55 |   415 |   287 ||   757
Block: Buckler           |    25 |   162 |   124 ||   311
